TOP OF THE 1ST |
Kane County Cougars batting - Pitching for Augusta GreenJackets : RHP Tony Nateras
|
Pitching: RHP Tony Nateras
|
|
Batting: RHB Francisco Gutierrez
|
0-0: Ball 1-0: Foul Ball, location: 2F 1-1: Swinging Strike 1-2: Foul Ball, location: 2F 1-2: Ground out 6-3 (Groundball, P, EV 86.2 MPH)
|
Batting: SHB Blaine Peters
|
0-0: Ball 1-0: Ball 2-0: Ball 3-0: Base on Balls
|
Batting: RHB Chad Mendoza
|
0-0: Called Strike Blaine Peters steals 2nd base 0-1: Foul Ball, location: 2F 0-2: Ball 1-2: Foul Ball, location: 2F 1-2: Fly out, F9 (Flyball, 9S, EV 90.0 MPH)
|
Batting: LHB J.P. Olson
|
0-0: 2-RUN HOME RUN (Line Drive, 9LD, EV 95.0 MPH), Distance : 347 ft
|
Batting: SHB John Cummings
|
0-0: DOUBLE (Line Drive, 78D, EV 106.9 MPH)
|
Batting: RHB Sergio Manzanero
|
0-0: Called Strike 0-1: Ball 1-1: Ball 2-1: Swinging Strike 2-2: Ball 3-2: Base on Balls
|
Batting: LHB Jeff Trapp
|
0-0: Called Strike 0-1: Ball 1-1: Swinging Strike 1-2: Ball 2-2: Ground out 4-3 (Groundball, 4, EV 79.4 MPH)
|
Top of the 1st over - 2 runs, 2 hits, 0 errors, 2 left on base; Kane County 2 - Augusta 0 |
BOTTOM OF THE 1ST |
Augusta GreenJackets batting - Pitching for Kane County Cougars : RHP Tim Shaffer
|
Pitching: RHP Tim Shaffer
|
|
Batting: LHB Joe Hoover
|
0-0: Ball 1-0: Ball 2-0: Fly out, F9 (Flyball, 9LSF, EV 86.9 MPH)
|
Batting: RHB Tony Harper
|
0-0: Ball 1-0: Fly out, F8 (Flyball, 8LXD, EV 95.0 MPH)
|
Batting: RHB Zach Maguire
|
0-0: Swinging Strike 0-1: Called Strike 0-2: Foul Ball, location: 2F 0-2: Ball 1-2: Foul Ball, location: 2F 1-2: Foul Ball, location: 2F 1-2: Foul Ball, location: 2F 1-2: Ball 2-2: Ball 3-2: Foul Ball, location: 2F 3-2: Foul Ball, location: 2F 3-2: SINGLE (Groundball, 34D, EV 98.8 MPH)
|
Batting: LHB Steve Nevis
|
0-0: Ball 1-0: Called Strike Zach Maguire steals 2nd base 1-1: Ball 2-1: Called Strike 2-2: Ground out 6-3 (Groundball, 6M, EV 81.2 MPH)
|
Bottom of the 1st over - 0 runs, 1 hit, 0 errors, 1 left on base; Kane County 2 - Augusta 0 |
TOP OF THE 2ND |
Kane County Cougars batting - Pitching for Augusta GreenJackets : RHP Tony Nateras
|
Batting: RHB Ernesto Zamora
|
0-0: Ball 1-0: Ball 2-0: Foul Ball, location: 2F 2-1: SOLO HOME RUN (Flyball, 7D, EV 99.4 MPH), Distance : 377 ft
|
Batting: RHB Gary Hills
|
0-0: Ball 1-0: Ground out 6-3 (Groundball, 6, EV 88.1 MPH)
|
Batting: RHB Francisco Gutierrez
|
0-0: Swinging Strike 0-1: Foul Ball, location: 2F 0-2: SOLO HOME RUN (Flyball, 9LD, EV 94.4 MPH), Distance : 338 ft
|
Batting: SHB Blaine Peters
|
0-0: Ball 1-0: Called Strike 1-1: Foul Ball, location: 2F 1-2: Strikes out looking
|
Batting: RHB Chad Mendoza
|
0-0: Foul Ball, location: 2F 0-1: Ball 1-1: Ball 2-1: Ball 3-1: Base on Balls
|
Batting: LHB J.P. Olson
|
0-0: Ball 1-0: Foul Ball, location: 2F 1-1: Foul Ball, location: 2F 1-2: Ball 2-2: Ball 3-2: Hit by Pitch Chad Mendoza to second
|
Batting: SHB John Cummings
|
0-0: Called Strike 0-1: Foul Ball, location: 2F 0-2: Ball 1-2: Fly out, F8 (Flyball, 8RD, EV 100.6 MPH)
|
Top of the 2nd over - 2 runs, 2 hits, 0 errors, 2 left on base; Kane County 4 - Augusta 0 |
BOTTOM OF THE 2ND |
Augusta GreenJackets batting - Pitching for Kane County Cougars : RHP Tim Shaffer
|
Batting: RHB Dave Perron
|
0-0: Swinging Strike 0-1: Ball 1-1: Ball 2-1: Ball 3-1: Base on Balls
|
Batting: LHB Chris West
|
0-0: SINGLE (Groundball, 34D, EV 95.0 MPH) Dave Perron to second Runner from 2nd tries for 3rd, SAFE, throw by RF made to third
|
Batting: RHB Jaime Rios
|
0-0: Called Strike 0-1: Ball 1-1: Ball 2-1: DOUBLE (Line Drive, 7LS, EV 94.4 MPH) Dave Perron scores Chris West to third
|
Batting: RHB Gary Sampson
|
0-0: Called Strike 0-1: Foul Ball, location: 2F 0-2: Strikes out swinging
|
Batting: RHB Ruben Irizarry
|
0-0: Ball 1-0: Ball 2-0: Swinging Strike 2-1: Called Strike 2-2: Strikes out swinging
|
Batting: LHB Joe Hoover
|
0-0: Ground out 4-3 (Groundball, 34D, EV 107.5 MPH)
|
Bottom of the 2nd over - 1 run, 2 hits, 0 errors, 2 left on base; Kane County 4 - Augusta 1 |
TOP OF THE 3RD |
Kane County Cougars batting - Pitching for Augusta GreenJackets : RHP Tony Nateras
|
Batting: RHB Sergio Manzanero
|
0-0: Fly out, F8 (Line Drive, 8LD, EV 88.1 MPH)
|
Batting: LHB Jeff Trapp
|
0-0: Ball 1-0: Ball 2-0: Swinging Strike 2-1: Foul Ball, location: 2F 2-2: Ball 3-2: Foul Ball, location: 2F 3-2: Base on Balls
|
Batting: RHB Ernesto Zamora
|
0-0: Fly out, F9 (Line Drive, 9S, EV 96.2 MPH)
|
Batting: RHB Gary Hills
|
0-0: Ball Jeff Trapp steals 2nd base 1-0: Foul Ball, location: 2F 1-1: Ball 2-1: Fly out, F8 (Flyball, 89M, EV 82.5 MPH)
|
Top of the 3rd over - 0 runs, 0 hits, 0 errors, 1 left on base; Kane County 4 - Augusta 1 |
BOTTOM OF THE 3RD |
Augusta GreenJackets batting - Pitching for Kane County Cougars : RHP Tim Shaffer
|
Batting: RHB Tony Harper
|
0-0: Called Strike 0-1: Called Strike 0-2: Fly out, F7 (Flyball, 78M, EV 94.4 MPH)
|
Batting: RHB Zach Maguire
|
0-0: Called Strike 0-1: Foul Ball, location: 2F 0-2: Ball 1-2: Ground out U3 (Groundball, 34, EV 88.1 MPH)
|
Batting: LHB Steve Nevis
|
0-0: Ball 1-0: Foul Ball, location: 2F 1-1: Ball 2-1: SINGLE (Groundball, 34D, EV 95.6 MPH)
|
Batting: RHB Dave Perron
|
0-0: Ball 1-0: Ball 2-0: Called Strike 2-1: Ball 3-1: Called Strike Steve Nevis steals 2nd base 3-2: SINGLE (Line Drive, 3D, EV 99.4 MPH) Steve Nevis to third
|
Batting: LHB Chris West
|
0-0: Swinging Strike 0-1: Swinging Strike 0-2: Foul Ball, location: 2F 0-2: Ball 1-2: Foul Ball, location: 2F 1-2: Ball 2-2: Strikes out swinging
|
Bottom of the 3rd over - 0 runs, 2 hits, 0 errors, 2 left on base; Kane County 4 - Augusta 1 |
TOP OF THE 4TH |
Kane County Cougars batting - Pitching for Augusta GreenJackets : RHP Tony Nateras
|
Batting: RHB Francisco Gutierrez
|
0-0: Ball 1-0: Ball 2-0: Foul Ball, location: 2F 2-1: SINGLE (Line Drive, 8LS, EV 103.1 MPH)
|
Batting: SHB Blaine Peters
|
0-0: Called Strike 0-1: Called Strike 0-2: Ball 1-2: Fly out, F9 (Line Drive, 89D, EV 98.8 MPH)
|
Batting: RHB Chad Mendoza
|
0-0: Ball Francisco Gutierrez steals 2nd base 1-0: Ball 2-0: SINGLE (Line Drive, 89S, EV 99.4 MPH) Francisco Gutierrez to third
|
Batting: LHB J.P. Olson
|
0-0: Called Strike 0-1: Ball 1-1: Hit by Pitch Chad Mendoza to second
|
Batting: SHB John Cummings
|
0-0: Foul Ball, location: 2F 0-1: Swinging Strike 0-2: Ball 1-2: Strikes out swinging
|
Pitching: RHP Edward Jones
|
|
Batting: RHB Sergio Manzanero
|
0-0: Swinging Strike 0-1: Swinging Strike 0-2: Strikes out swinging
|
Top of the 4th over - 0 runs, 2 hits, 0 errors, 3 left on base; Kane County 4 - Augusta 1 |
BOTTOM OF THE 4TH |
Augusta GreenJackets batting - Pitching for Kane County Cougars : RHP Tim Shaffer
|
Batting: RHB Jaime Rios
|
0-0: Ball 1-0: Ball 2-0: Ground out 6-3 (Groundball, 6, EV 99.4 MPH)
|
Batting: RHB Gary Sampson
|
0-0: Ground out 3-1 (Groundball, 34S, EV 83.8 MPH)
|
Batting: RHB Ruben Irizarry
|
0-0: Called Strike 0-1: SINGLE (Groundball, 4MD, EV 112.5 MPH)
|
Batting: LHB Joe Hoover
|
0-0: Ball 1-0: Ball 2-0: Ball 3-0: Base on Balls Ruben Irizarry to second
|
Batting: RHB Tony Harper
|
0-0: Called Strike 0-1: Fly out, F8 (Line Drive, 8RD, EV 90.6 MPH)
|
Bottom of the 4th over - 0 runs, 1 hit, 0 errors, 2 left on base; Kane County 4 - Augusta 1 |
TOP OF THE 5TH |
Kane County Cougars batting - Pitching for Augusta GreenJackets : RHP Edward Jones
|
Batting: LHB Jeff Trapp
|
0-0: Called Strike 0-1: Ball 1-1: Ball 2-1: Swinging Strike 2-2: Foul Ball, location: 2F 2-2: Ball 3-2: Base on Balls
|
Batting: RHB Ernesto Zamora
|
0-0: Ball Jeff Trapp steals 2nd base (no throw) 1-0: Ball 2-0: Swinging Strike 2-1: Ground out 6-3 (Groundball, 6, EV 86.9 MPH) Jeff Trapp to third
|
Batting: RHB Gary Hills
|
0-0: Ball 1-0: Ball 2-0: Foul Ball, location: 2F 2-1: Ball 3-1: Base on Balls
|
Batting: RHB Francisco Gutierrez
|
0-0: Ball 1-0: Swinging Strike 1-1: Ball 2-1: Ball 3-1: Base on Balls Gary Hills to second
|
Batting: SHB Blaine Peters
|
0-0: Called Strike 0-1: Ball 1-1: Ball 2-1: SINGLE (Flyball, 56D, EV 87.5 MPH) Jeff Trapp scores Gary Hills to third Francisco Gutierrez to second
|
Batting: RHB Chad Mendoza
|
0-0: Called Strike 0-1: Ball 1-1: Ball 2-1: Ball 3-1: Base on Balls Gary Hills scores Francisco Gutierrez to third Blaine Peters to second
|
Pitching: LHP Christian Rogers
|
|
Batting: LHB J.P. Olson
|
0-0: Ball 1-0: Foul Ball, location: 2F 1-1: Ball 2-1: SINGLE (Flyball, 56D, EV 96.2 MPH) Francisco Gutierrez scores Blaine Peters to third Chad Mendoza to second
|
Batting: SHB John Cummings
|
0-0: Called Strike 0-1: Ball 1-1: Foul Ball, location: 2F 1-2: Strikes out looking
|
Batting: RHB Sergio Manzanero
|
0-0: Swinging Strike 0-1: Swinging Strike 0-2: Strikes out swinging
|
Top of the 5th over - 3 runs, 2 hits, 0 errors, 3 left on base; Kane County 7 - Augusta 1 |
BOTTOM OF THE 5TH |
Augusta GreenJackets batting - Pitching for Kane County Cougars : RHP Tim Shaffer
|
Batting: RHB Zach Maguire
|
0-0: Called Strike 0-1: Ball 1-1: Swinging Strike 1-2: Foul Ball, location: 2F 1-2: Ball 2-2: Ball 3-2: Fly out, F7 (Flyball, 7LM, EV 91.2 MPH)
|
Batting: LHB Steve Nevis
|
0-0: Fly out, F8 (Flyball, 89D, EV 109.4 MPH)
|
Batting: RHB Dave Perron
|
0-0: Ball 1-0: Ball 2-0: Foul Ball, location: 2F 2-1: Foul Ball, location: 2F 2-2: Hit by Pitch
|
Batting: LHB Chris West
|
0-0: Called Strike Dave Perron steals 2nd base 0-1: Ball 1-1: Ball 2-1: Fly out, F5 (Line Drive, 56, EV 71.2 MPH)
|
Bottom of the 5th over - 0 runs, 0 hits, 0 errors, 1 left on base; Kane County 7 - Augusta 1 |
TOP OF THE 6TH |
Kane County Cougars batting - Pitching for Augusta GreenJackets : LHP Christian Rogers
|
Batting: LHB Jeff Trapp
|
0-0: Ball 1-0: Called Strike 1-1: Swinging Strike 1-2: Strikes out swinging
|
Batting: RHB Ernesto Zamora
|
0-0: Ball 1-0: Ball 2-0: Ball 3-0: Called Strike 3-1: Ground out 5-3 (Groundball, 5S, EV 88.1 MPH)
|
Batting: RHB Gary Hills
|
0-0: Ball 1-0: Swinging Strike 1-1: Ball 2-1: Swinging Strike 2-2: Ball 3-2: Strikes out swinging
|
Top of the 6th over - 0 runs, 0 hits, 0 errors, 0 left on base; Kane County 7 - Augusta 1 |
BOTTOM OF THE 6TH |
Augusta GreenJackets batting - Pitching for Kane County Cougars : RHP Tim Shaffer
|
Batting: RHB Jaime Rios
|
0-0: Swinging Strike 0-1: Called Strike 0-2: Foul Ball, location: 2F 0-2: Ball 1-2: Strikes out looking
|
Pitching: RHP Vinny Segura
|
|
Batting: RHB Gary Sampson
|
0-0: Ball 1-0: Foul Ball, location: 2F 1-1: Called Strike 1-2: Hit by Pitch
|
Batting: RHB Ruben Irizarry
|
0-0: Ball 1-0: Fly out, F8 (Flyball, 8RD, EV 99.4 MPH)
|
Batting: LHB Joe Hoover
|
0-0: Ball 1-0: Fly out, F5 (Popup, 25F, EV 81.9 MPH)
|
Bottom of the 6th over - 0 runs, 0 hits, 0 errors, 1 left on base; Kane County 7 - Augusta 1 |
TOP OF THE 7TH |
Kane County Cougars batting - Pitching for Augusta GreenJackets : LHP Christian Rogers
|
Batting: RHB Francisco Gutierrez
|
0-0: Ball 1-0: Ball 2-0: Foul Ball, location: 2F 2-1: Ball 3-1: Foul Ball, location: 2F 3-2: Foul Ball, location: 2F 3-2: Fly out, F8 (Flyball, 8LD, EV 103.8 MPH)
|
Batting: SHB Blaine Peters
|
0-0: Called Strike 0-1: Ball 1-1: Swinging Strike 1-2: Foul Ball, location: 2F 1-2: Ball 2-2: Ball 3-2: Strikes out swinging
|
Batting: RHB Chad Mendoza
|
0-0: Ball 1-0: Called Strike 1-1: Foul Ball, location: 2F 1-2: Ball 2-2: Foul Ball, location: 2F 2-2: Ground out 5-3 (Groundball, 56S, EV 68.8 MPH)
|
Top of the 7th over - 0 runs, 0 hits, 0 errors, 0 left on base; Kane County 7 - Augusta 1 |
BOTTOM OF THE 7TH |
Augusta GreenJackets batting - Pitching for Kane County Cougars : RHP Vinny Segura
|
Batting: RHB Tony Harper
|
0-0: Called Strike 0-1: Swinging Strike 0-2: Ball 1-2: Ball 2-2: Strikes out swinging
|
Batting: RHB Zach Maguire
|
0-0: Ball 1-0: Ball 2-0: Ball 3-0: Called Strike 3-1: Foul Ball, location: 2F 3-2: SINGLE (Line Drive, 4D, EV 108.1 MPH)
|
Batting: LHB Steve Nevis
|
0-0: SINGLE (Line Drive, 34D, EV 100.0 MPH) Zach Maguire to second Runner from 2nd tries for 3rd, OUT! 9-5
|
Batting: RHB Dave Perron
|
0-0: Ground out 5-3 (Groundball, 56S, EV 78.1 MPH)
|
Bottom of the 7th over - 0 runs, 2 hits, 0 errors, 1 left on base; Kane County 7 - Augusta 1 |
TOP OF THE 8TH |
Kane County Cougars batting - Pitching for Augusta GreenJackets : LHP Christian Rogers
|
Pitching: RHP Nick McDade
|
|
Batting: LHB J.P. Olson
|
0-0: Called Strike 0-1: Ball 1-1: Ball 2-1: Swinging Strike 2-2: Strikes out swinging
|
Batting: SHB John Cummings
|
0-0: Ball 1-0: Foul Ball, location: 2F 1-1: Swinging Strike 1-2: Foul Ball, location: 2F 1-2: Ball 2-2: Foul Ball, location: 2F 2-2: Ball 3-2: Foul Ball, location: 2F 3-2: Strikes out swinging
|
Batting: RHB Sergio Manzanero
|
0-0: Ball 1-0: Ball 2-0: Called Strike 2-1: Swinging Strike 2-2: Strikes out swinging
|
Top of the 8th over - 0 runs, 0 hits, 0 errors, 0 left on base; Kane County 7 - Augusta 1 |
BOTTOM OF THE 8TH |
Augusta GreenJackets batting - Pitching for Kane County Cougars : RHP Vinny Segura
|
Batting: LHB Chris West
|
0-0: Called Strike 0-1: Foul Ball, location: 2F 0-2: Ball 1-2: Strikes out looking
|
Batting: RHB Jaime Rios
|
0-0: Ball 1-0: Ball 2-0: Ball 3-0: Called Strike 3-1: Base on Balls
|
Batting: RHB Gary Sampson
|
0-0: Ball 1-0: Ball 2-0: Ball 3-0: Called Strike 3-1: Grounds into double play, 5-4-3 (Groundball, 56S, EV 80.6 MPH)
|
Bottom of the 8th over - 0 runs, 0 hits, 0 errors, 0 left on base; Kane County 7 - Augusta 1 |
TOP OF THE 9TH |
Kane County Cougars batting - Pitching for Augusta GreenJackets : RHP Nick McDade
|
Batting: LHB Jeff Trapp
|
0-0: Foul Ball, location: 2F 0-1: Ball 1-1: Ball 2-1: Ball 3-1: Base on Balls
|
Batting: RHB Ernesto Zamora
|
0-0: Ball Pickoff Play to 1st, Runner tries for 2nd, OUT after rundown. 1-0: DOUBLE (Groundball, 5L, EV 102.5 MPH)
|
Batting: RHB Gary Hills
|
0-0: Ball 1-0: Ground out 6-3 (Groundball, 6, EV 89.4 MPH) Ernesto Zamora to third
|
Batting: RHB Francisco Gutierrez
|
0-0: Ball 1-0: Foul Ball, location: 2F 1-1: SINGLE (Groundball, 6MD, EV 108.1 MPH) Ernesto Zamora scores
|
Batting: SHB Blaine Peters
|
0-0: Called Strike Francisco Gutierrez steals 2nd base 0-1: Ground out 4-3 (Groundball, 4D, EV 103.1 MPH)
|
Top of the 9th over - 1 run, 2 hits, 0 errors, 1 left on base; Kane County 8 - Augusta 1 |
BOTTOM OF THE 9TH |
Augusta GreenJackets batting - Pitching for Kane County Cougars : RHP Vinny Segura
|
Batting: RHB Ruben Irizarry
|
0-0: Called Strike 0-1: Ball 1-1: Ball 2-1: Called Strike 2-2: Strikes out swinging
|
Pinch Hitting: LHB Antonio Gutierrez
|
0-0: Called Strike 0-1: Ground out 4-3 (Groundball, 4, EV 90.6 MPH)
|
Batting: RHB Tony Harper
|
0-0: Called Strike 0-1: Foul Ball, location: 2F 0-2: Ball 1-2: Foul Ball, location: 2F 1-2: Ground out 6-3 (Groundball, 56, EV 102.5 MPH)
|
Bottom of the 9th over - 0 runs, 0 hits, 0 errors, 0 left on base; Kane County 8 - Augusta 1 |
|